 Dungeon Sprint DCSS version 0.26-a0-976-gd3b5134375 (webtiles) character file.

Game seed: 6737569548800990962

649 Conn the Arsonist (level 7, -10/41 HPs)
             Began as an Octopode Fire Elementalist on Dec 5, 2020.
             Was an Initiate of Sif Muna.
             Killed from afar by a polar bear (21 damage)
             ... with an exploding inner flame
             ... in the Dungeon (Sprint II: "The Violet Keep of Menkaure").
             The game lasted 00:06:23 (478 turns).

Conn the Arsonist (Octopode Fire Elementalist)       Turns: 478, Time: 00:06:24

Health: -10/41     AC:  1    Str:  7    XL:     7   Next: 53%
Magic:  14/17      EV: 16    Int: 19    God:    Sif Muna [......]
Gold:   486        SH:  0    Dex: 13    Spells: 3/19 levels left

rFire    . . .     SeeInvis .   (no weapon)
rCold    . . .     Faith    .   (no shield)
rNeg     . . .     Spirit   .   (helmet restricted)
rPois    .         Reflect  .   (no amulet)
rElec    .         Harm     .   (no ring)
rCorr    .         Rampage  .   (no ring)
MR       .....     NoTele   +   (no ring)
Stlth    +++++.....             (no ring)
HPRegen  0.13/turn              (no ring)
MPRegen  0.15/turn              (no ring)
                                (no ring)
                                (no ring)

@: very slightly contaminated
A: almost no armour, stealthy swim, amphibious, 8 rings, constrict 8, camouflage
1, gelatinous body 1
a: Renounce Religion


You were in the Dungeon.
You worshipped Sif Muna.
Sif Muna was noncommittal.
You visited 1 branch You collected 486 gold pieces.

Inventory:

Potions
 c - a potion of heal wounds
 e - a potion of magic


   Skills:
 + Level 0.3 Fighting
 + Level 5.7 Dodging
 + Level 7.6 Stealth
 - Level 0.4 Unarmed Combat
 + Level 6.9 Spellcasting
 * Level 2.9 Conjurations
 + Level 11.8 Fire Magic


You had 3 spell levels left.
You knew the following spells:

 Your Spells              Type           Power        Failure   Level
a - Foxfire               Conj/Fire      ####         1%          1
b - Conjure Flame         Conj/Fire      ####....     1%          3
c - Inner Flame           Hex/Fire       ####....     2%          3
d - Sticky Flame          Conj/Fire      ####....     4%          4
e - Fireball              Conj/Fire      ####......   14%         5

Your spell library contained the following spells:

 Spells                   Type           Power        Failure   Level


Dungeon Overview and Level Annotations

Branches:
Dungeon (1/1)

Altars:
Cheibriados
Dithmenos
Elyvilon
Fedhas
Gozag
Hepliaklqana
Kikubaaqudgha
Makhleb
Nemelex Xobeh
Okawaru
Qazlal
Ru
Sif Muna
Trog
Uskayaw
Vehumet
Wu Jian
Xom
Yredelemnul
Zin
The Shining One
Beogh
Jiyva
Lugonu

Shops:
D [[*}?=!((!=:!(

Annotations:
D Menkaure


Innate Abilities, Weirdness & Mutations

You cannot wear most types of armour.
You are very stealthy in the water. (Stealth+)
You are amphibious.
You can wear up to eight rings at the same time.
You can use your tentacles to constrict eight enemies at once.
Your skin changes colour to match your surroundings (Stealth+).
Your rubbery body absorbs attacks. (AC +1, EV +1)


Message History

The sticky flame hits the polar bear.
Flame seeps out of the polar bear.
The polar bear is almost dead.
The polar bear is covered in liquid flames!
The polar bear burns!
Flame seeps out of the polar bear.
The hornet barely misses you.
The polar bear is engulfed in blazing flames.
Flame seeps out of the polar bear.
The polar bear bites you!
* * * LOW HITPOINT WARNING * * *
The polar bear closely misses you. x2; The hornet barely misses you.
The polar bear is engulfed in blazing flames.
Sif Muna accepts your kill.
The polar bear explodes!
The fiery explosion engulfs the yaktaur!
The yaktaur is moderately wounded.
The fiery explosion engulfs the hornet!!
You kill the hornet!
Sif Muna accepts your kill. The fiery explosion engulfs you!!
Ouch! That really hurt!
You die...

..# ...# ..## #..#
$#▓?!)$)?!$▓▓ #..# +..#
y#▓=[$$?)!?▓▓ #..# #^.#
h#▓[)?)!)!(▓
'..####..##.#▓($!!($!(
#.§..###.^.##▓▓▓▓▓▓▓+
#......§≈≈≈≈≈≈≈≈h≈≈≈
≈≈.....≈#'########+###
≈§≈≈≈§.≈#..._.c§@#S§§#
≈§≈≈≈≈.≈#_._._§○§#§§≈§#
§≈≈≈≈≈≈≈#._._.§§§#§§§≈§#
§≈≈≈≈≈≈≈#_._._._.#§§≈§§≈
§≈≈≈≈≈§≈#._._._..#§§§§≈≈
§≈≈###≈§#_._._...#§S§≈§S
#≈≈#._._....#§§ §§
#≈≈#.._.....#§§§
≈§§§##########≈


You could see a polar bear, a yaktaur and 2 water moccasins.

Vanquished Creatures
  A polar bear (D)
  A hornet (D)
  2 wyverns (D)
  4 necrophages (D)
8 creatures vanquished.

Vanquished Creatures (others)
  A water moccasin (D)
  15 foxfires (D)
16 creatures vanquished.

Grand Total: 24 creatures vanquished

Notes
Turn   | Place    | Note
-------+----------+-------------------------------------------
     0 | D        | Conn the Octopode Fire Elementalist began the quest for the
                  | Orb.
     0 | D        | Reached XP level 1. HP: 11/11 MP: 3/3
     1 | D        | Noticed a necrophage
     1 | D        | Noticed a necrophage
     1 | D        | Noticed a necrophage
     1 | D        | Noticed a necrophage
     6 | D        | Killed a necrophage
     7 | D        | Reached skill level 7 in Fire Magic
     7 | D        | Reached XP level 2. HP: 17/17 MP: 3/6
     7 | D        | Reached XP level 3. HP: 21/21 MP: 4/8
     7 | D        | Reached XP level 4. HP: 27/27 MP: 4/9
    10 | D        | Killed a necrophage
    11 | D        | Reached skill level 5 in Stealth
    11 | D        | Reached skill level 8 in Fire Magic
    11 | D        | Reached XP level 5. HP: 29/29 MP: 4/12
    17 | D        | Killed a necrophage
    18 | D        | Reached skill level 5 in Spellcasting
    18 | D        | Reached skill level 9 in Fire Magic
    18 | D        | Reached XP level 6. HP: 33/33 MP: 4/14
    24 | D        | Killed a necrophage
    25 | D        | Reached skill level 5 in Dodging
    25 | D        | Reached skill level 10 in Fire Magic
    33 | D        | Found Huosiuq's Distillery.
    33 | D        | Found Hudgheckucw's Jewellery Shop.
    33 | D        | Found Rimiaz's Antique Weapon Shop.
    33 | D        | Found Foon's Book Shop.
    33 | D        | Found Esaotyss's Magic Scroll Boutique.
    34 | D        | Found Yliemomn's Antique Weapon Shop.
    34 | D        | Found Faol's Jewellery Boutique.
    34 | D        | Found Focutiwn's Distillery.
    34 | D        | Found Tuf Acruo's Gadget Boutique.
    34 | D        | Found Peateo's Assorted Antiques.
    34 | D        | Found Jiogash's Antique Armour Boutique.
    35 | D        | Found Xoser's Distillery.
    35 | D        | Found Jank's Weapon Shop.
    35 | D        | Found Komuoh's Antique Armour Shop.
    37 | D        | Noticed Menkaure
    37 | D        | Noticed a yak
    45 | D        | Learned a level 3 spell: Conjure Flame
    49 | D        | Learned a level 3 spell: Inner Flame
    54 | D        | Learned a level 4 spell: Sticky Flame
    60 | D        | Learned a level 5 spell: Fireball
    64 | D        | Killed a water moccasin
   326 | D        | Noticed a boulder beetle
   326 | D        | Noticed a boulder beetle
   329 | D        | Noticed a wyvern
   329 | D        | Noticed a wyvern
   344 | D        | Killed a wyvern
   345 | D        | Reached skill level 11 in Fire Magic
   345 | D        | Reached XP level 7. HP: 38/38 MP: 7/16
   356 | D        | Killed a wyvern
   453 | D        | Found a glowing golden altar of the Shining One.
   453 | D        | Found an ornate altar of the Wu Jian Council.
   453 | D        | Found a stormy altar of Qazlal.
   454 | D        | Found a shimmering altar of Xom.
   454 | D        | Found a sacrificial altar of Ru.
   455 | D        | Found a basalt altar of Yredelemnul.
   455 | D        | Found a shimmering blue altar of Sif Muna.
   455 | D        | Found a viscous altar of Jiyva.
   456 | D        | Found a glowing silver altar of Zin.
   456 | D        | Found a bloodstained altar of Trog.
   456 | D        | Found an ancient bone altar of Kikubaaqudgha.
   457 | D        | Found a hide-covered altar of Uskayaw.
   457 | D        | Found a corrupted altar of Lugonu.
   457 | D        | Found a shadowy altar of Dithmenos.
   458 | D        | Found a radiant altar of Vehumet.
   458 | D        | Found a burning altar of Makhleb.
   458 | D        | Found a white marble altar of Elyvilon.
   459 | D        | Found a sparkling altar of Nemelex Xobeh.
   459 | D        | Found a blossoming altar of Fedhas.
   461 | D        | Found an iron altar of Okawaru.
   461 | D        | Found an opulent altar of Gozag.
   461 | D        | Found a hazy altar of Hepliaklqana.
   461 | D        | Found a snail-covered altar of Cheibriados.
   461 | D        | Noticed a hornet
   461 | D        | Noticed a polar bear
   462 | D        | Found a roughly hewn altar of Beogh.
   462 | D        | Noticed a yaktaur
   463 | D        | Noticed a polar bear
   467 | D        | Became a worshipper of Sif Muna the Loreminder
   478 | D        | Killed a polar bear
   478 | D        | Killed a hornet
   478 | D        | Killed from afar by a polar bear

Illustrated notes

Levels and vault maps discovered:
D:        the_violet_keep_of_menkaure [sprint2_stairs_cluster_1,
          sprint2_shoproom, sprint2_temple, sprint2_basic_supplies,
          sprint2_obstacle_7, sprint2_obstacle_6, sprint2_obstacle_4,
          sprint2_obstacle_2, sprint2_obstacle_5, sprint2_timed_cluster_1,
          sprint2_smallroom_cluster_1, sprint2_smallroom_final_cluster_1,
          sprint2_transparent_cluster_1, sprint2_second_timed_cluster_1,
          sprint2_sniper_area_1, sprint2_heavy_combat_area_1,
          sprint2_mutation_trap_area_1, sprint2_forest_area_1,
          sprint2_light_combat_area_1, sprint2_behind_water_1,
          sprint2_near_end_vault_1]

Skill      XL: |  1  2  3  4  5  6 |
---------------+-------------------+-----
Dodging        | 3 4 5 |  5.7
Stealth        | 4 5 6 7 |  7.6
Spellcasting   | 3 4 5 6 |  6.9
Fire Magic     | 7 8 9 11 | 11.8
Conjurations   | 2 |  2.9
Fighting       | |  0.3
Unarmed Combat | |  0.4

Action                   |  1- 3 |  4- 6 |  7- 9 || total
-------------------------+-------+-------+-------++-------
Melee: Unarmed           |     2 |    12 |     1 ||    15
       Tentacles         |     2 |     1 |       ||     3
       Constrict         |     1 |     3 |       ||     4
 Cast: Foxfire           |       |     8 |     1 ||     9
       Conjure Flame     |       |     1 |       ||     1
       Sticky Flame      |       |       |     3 ||     3
       Fireball          |       |       |     1 ||     1
       Inner Flame       |       |       |     1 ||     1
  Use: Potion            |     2 |       |     2 ||     4
       Scroll            |       |       |     1 ||     1
Dodge: Dodged            |     1 |     3 |    12 ||    16

Table legend: (Time is in decaauts)
 A = Elapsed time spent in this place.
 B = Non-inter-level travel time spent in this place.
 C = Inter-level travel time spent in this place.
 D = Time resting spent in this place.
 E = Time spent auto-exploring this place.
 F = Levels seen in this place.
 G = Mean time per level.
                   A        B        C        D        E       F      G
               +--------+--------+--------+--------+--------+-----+--------+
         Total |    473 |    473 |      0 |    323 |      0 |   1 |  473.0 |
       Dungeon |    473 |    473 |      0 |    323 |      0 |   1 |  473.0 |
               +--------+--------+--------+--------+--------+-----+--------+

Top non-repeatable levels by time:
       D: 473 daAuts
